 Dungeon Crawl Stone Soup version 0.29-a0-90-gc37658a0fe (webtiles) character file.

Game seed: 14277963501392020995

16 cyrus the Covered (level 2, -1/19 HPs)
             Began as a Tengu Fighter on Feb 6, 2022.
             Was an Initiate of Nemelex Xobeh.
             Slain by an adder (2 damage)
             ... on level 2 of the Dungeon.
             The game lasted 00:01:51 (1257 turns).

cyrus the Covered (Tengu Fighter)                   Turns: 1257, Time: 00:01:51

Health: -1/19      AC:  7    Str: 16    XL:     2   Next: 54%
Magic:  3/3        EV:  8    Int:  8    God:    Nemelex Xobeh [......]
Gold:   16         SH:  4    Dex: 13    Spells: 1/1 levels left

rFire   . . .      SeeInvis .   a - +0 long sword
rCold   . . .      Faith    .   c - +0 buckler
rNeg    . . .      Spirit   .   b - +0 scale mail
rPois   .          Reflect  .   (helmet restricted)
rElec   .          Harm     .   (no cloak)
rCorr   .          Rampage  .   (no gloves)
Will    .....                   (boots unavailable)
Stlth   ..........              (no amulet)
HPRegen 0.06/turn               (no ring)
MPRegen 0.08/turn               (no ring)

@: lethally poisoned (-1 -> -8)
A: beak, talons 3
a: Renounce Religion, Draw Escape, Draw Destruction, Draw Summoning


You were on level 2 of the Dungeon.
You worshipped Nemelex Xobeh.
Nemelex Xobeh was noncommittal.
You visited 1 branch of the dungeon, and saw 2 of its levels.

You collected 16 gold pieces.

Inventory:

Hand Weapons
 a - a +0 long sword (weapon)
Armour
 b - a +0 scale mail (worn)
 c - a +0 buckler (worn)
Scrolls
 e - 2 scrolls of identify {unknown}
 g - a scroll of fear {unknown}
 i - a scroll of teleportation {unknown}
Potions
 d - a potion of might
 f - a potion of curing {unknown}
 h - a potion of heal wounds {unknown}


   Skills:
 + Level 3.3 Fighting
 + Level 2.1 Long Blades
 + Level 3.7 Armour
 + Level 3.1 Shields


You had one spell level left.
You didn't know any spells.
Your spell library was empty.

Dungeon Overview and Level Annotations

Branches:
Dungeon (2/15)

Altars:
Nemelex Xobeh


Innate Abilities, Weirdness & Mutations

You have a beak for a mouth.
You have claws for feet.


Message History

You barely miss the bat. You claw the bat.
You kill the bat!
You see here a bat corpse.
There is a sparkling altar of Nemelex Xobeh here.
You kneel at the altar of Nemelex Xobeh.
Nemelex Xobeh welcomes you!
You can now draw from decks of power.
Unknown command.
Press < or > to pray at altars.
That deck is empty!
i - a scroll labelled JYSATE QEEKUKI
Okay, then.
Found a stone staircase leading down.
Found 23 stones.
An adder comes into view.
Found a sedimented black potion.
The adder hisses angrily.
You see here 9 gold pieces.
An adder is nearby!
The adder bites you but does no damage.
You barely miss the adder. Your kick misses the adder.
You block the adder's attack. The adder barely misses you.
You closely miss the adder. Your peck misses the adder.
You block the adder's attack. The adder barely misses you.
You barely miss the adder. The adder bites you.
You are poisoned.
The adder poisons you!
You closely miss the adder.
You feel sick. The adder bites you.
You are more poisoned.
The adder poisons you! The adder bites you.
You closely miss the adder.
You feel sick. The adder bites you.
You are more poisoned.
The adder poisons you! The adder barely misses you.
* * * LOW HITPOINT WARNING * * *
You feel very sick.
You miss the adder. Your kick misses the adder.
* * * LOW HITPOINT WARNING * * *
You feel sick. The adder bites you but does no damage. The adder bites you.
You die...
Your body disappears without a glow.

#.###..........#
###.# #.##.#####.#
....###.##.....#.#
.#.......>.###.#.#
...####.##.# #.#!#
..## #.#...# #.#.#
#.# ## #### #.#.#
#.# #.#S# #.#
.######.#@# #.#
........$.# ..#
.######.### ..#
#.# ..# #.# ..#
#.# ..# ..# ..#
..( .## .##


You could see an adder.

Vanquished Creatures
  3 ball pythons (D:1)
  A bat (D:2)
  A giant cockroach (D:1)
  2 hobgoblins (D:1)
  3 kobolds
  A quokka (D:1)
  A frilled lizard (D:1)
  A goblin (D:1)
  A rat (D:1)
14 creatures vanquished.

Notes
Turn   | Place    | Note
-------+----------+-------------------------------------------
     0 | D:1      | cyrus the Tengu Fighter began the quest for the Orb.
     0 | D:1      | Reached XP level 1. HP: 14/14 MP: 2/2
   294 | D:1      | Reached XP level 2. HP: 4/19 MP: 3/3
  1177 | D:2      | Found a sparkling altar of Nemelex Xobeh.
  1195 | D:2      | Became a worshipper of Nemelex Xobeh the Trickster
  1257 | D:2      | Slain by an adder

Illustrated notes

Levels and vault maps discovered:
D:1:      elethiomel_arrival_infinity_welcomes_careful_drivers,
          layout_loops_ring
D:2:      layout_loops_ring, basic_altar

Action                   || total
-------------------------++-------
Melee: Long sword        ||    36
       Peck              ||     4
       Kick              ||     4
Armor: Scale mail        ||    17
Dodge: Dodged            ||    14
Block: Buckler           ||    15

Table legend: (Time is in decaauts)
 A = Elapsed time spent in this place.
 B = Non-inter-level travel time spent in this place.
 C = Inter-level travel time spent in this place.
 D = Time resting spent in this place.
 E = Time spent auto-exploring this place.
 F = Levels seen in this place.
 G = Mean time per level.
                   A        B        C        D        E       F      G
               +--------+--------+--------+--------+--------+-----+--------+
         Total |   1268 |   1248 |     20 |    248 |    813 |   2 |  634.0 |
       Dungeon |   1268 |   1248 |     20 |    248 |    813 |   2 |  634.0 |
               +--------+--------+--------+--------+--------+-----+--------+

Top non-repeatable levels by time:
     D:1: 1185 daAuts
     D:2: 82 daAuts
